 Dungeon Crawl Stone Soup version 0.30-a0-620-g0e44632947 (webtiles) character file.

Game seed: 15054628548183114096

16972 Ijustatesigmund the Carver (level 12, -4/150 HPs)
             Began as a Barachi Ice Elementalist on Jan 9, 2023.
             Was a Believer of Cheibriados.
             Slain by a very large slime creature (21 damage)
             ... on level 12 of the Dungeon on Jan 10, 2023.
             The game lasted 00:38:39 (13454 turns).

Ijustatesigmund the Carver (BaIE)                  Turns: 13454, Time: 00:38:39

Health: -4/150     AC: 26    Str: 14    XL:     12   Next: 43%
Magic:  20/23      EV:  2    Int: 25    God:    Cheibriados [**....]
Gold:   918        SH:  0    Dex: 20    Spells: 13/26 levels left

rFire   . . .      SeeInvis .    p - +4 great sword (freeze)
rCold   + . .      Faith    .    (shield currently unavailable)
rNeg    . . .      Spirit   .    (body armour currently unavailable)
rPois   +          Reflect  .    (helmet currently unavailable)
rElec   .          Harm     .    (cloak currently unavailable)
rCorr   .          Rampage  .    (gloves currently unavailable)
Will    .....      NoTele   +    (boots currently unavailable)
Stlth   ++                       k - amulet of the acrobat
HPRegen 0.45/turn                r - +5 ring of evasion
MPRegen 0.18/turn                e - ring of protection from cold

@: tree-form, unable to hop, freezing walls, very slow
A: stationary, stasis, torment immunity, boosted hp, (amphibious), (slowness 1),
(strong legs 1), +LOS, (talons 1), agile 1, clever 1, noise suppression
a: Renounce Religion, Bend Time


You were on level 12 of the Dungeon.
You worshipped Cheibriados.
Cheibriados was pleased with you.
You were a tree.
You visited 2 branches of the dungeon, and saw 14 of its levels.
You also visited: Ossuary.

You collected 931 gold pieces.
You spent 13 gold pieces at shops.

Inventory:

Hand Weapons
 c - a +5 long sword of flaming
 p - a +4 great sword of freezing (weapon)
Missiles
 w - a throwing net
Armour
 a - a +2 robe of fire resistance
 i - a +1 cloak (melded)
 C - a +0 troll leather armour (melded)
Jewellery
 e - a ring of protection from cold (right branch)
 k - an amulet of the acrobat (around neck)
 r - a +5 ring of evasion (left branch)
 u - a ring of willpower
Wands
 d - a wand of mindburst (11)
 l - a wand of flame (24)
 m - a wand of digging (9)
 q - a wand of roots (10)
 y - a wand of acid (3)
Scrolls
 f - a scroll of identify
 t - 4 scrolls of fog
 v - 2 scrolls of poison
 x - a scroll of magic mapping
Potions
 b - 2 potions of magic
 g - 3 potions of curing
 h - 4 potions of might
 j - a potion of resistance
 o - 4 potions of brilliance
 s - 2 potions of ambrosia {unknown}
 z - 3 potions of flight
 A - a potion of mutation
 D - a potion of berserk rage {unknown}
 E - a potion of experience {unknown}
 F - a potion of attraction {unknown}


   Skills:
 + Level 11.4 Fighting
 - Level 12.0 Long Blades
 - Level 5.8 Armour
 + Level 4.5 Dodging
 - Level 1.7 Stealth
 - Level 7.6 Spellcasting
 - Level 5.3 Summonings
 + Level 3.3 Translocations
 - Level 10.0 Ice Magic
 + Level 5.2 Invocations


You had 13 spell levels left.
You knew the following spells:

 Your Spells              Type           Power      Damage    Failure   Level
a - Freeze                Ice            100%       1d10      1%          1
b - Frozen Ramparts       Ice            100%       1d16      1%          3
c - Ozocubu's Armour      Ice            56%        N/A       1%          3
d - Summon Ice Beast      Ice/Summ       47%        N/A       2%          4
e - Blink                 Tloc           52%        N/A       2%          2

Your spell library contained the following spells:

 Spells                   Type           Power      Damage    Failure   Level
 Momentum Strike          Conj/Tloc      34%        3d8       4%          2
 Lesser Beckoning         Tloc           52%        N/A       4%          3
 Manifold Assault         Tloc           26%        N/A       16%         4
 Dazzling Flash           Conj/Hex       18%        N/A       19%         3
 Summon Forest            Summ/Tloc      15%        N/A       28%         5
 Summon Mana Viper        Hex/Summ       22%        N/A       52%         5
 Summon Cactus Giant      Summ           18%        N/A       73%         6
 Agony                    Necr           9%         N/A       87%         5
 Silence                  Hex/Air        4%         N/A       87%         5
 Storm Form               Tmut/Air       4%         N/A       100%        7


Dungeon Overview and Level Annotations

Branches:
Dungeon (13/15)            Temple (1/1) D:4            Lair (0/5) D:8
    Orc (0/2) D:10        Ossuary (visited)
 Vaults: D:13-14

Altars:
Ashenzari
Cheibriados
Dithmenos
Elyvilon
Fedhas
Gozag
Hepliaklqana
Kikubaaqudgha
Makhleb
Nemelex Xobeh
Okawaru
Qazlal
Ru
Sif Muna
Trog
Uskayaw
Vehumet
Wu Jian
Xom
Yredelemnul
Zin
The Shining One

Shops:
D:2 !   D:3 !

Annotations:
D:11 4 transporters, exclusion: ice statue


Innate Abilities, Weirdness & Mutations

You are a tree.
Your roots penetrate the ground, keeping you stationary.
You cannot be teleported.
You are immune to unholy pain and torment.
Your maximum health is greatly increased.
Your equipment is partially melded.
((You are amphibious.))
((You cover ground slowly.))
((You can hop short distances.))
You have an extended range of vision and can be seen from far away.
((You have sharp toenails.))
You are agile. (Dex +4, Str/Int -1)
Your mind is acute. (Int +4, Str/Dex -1)
You passively dampen the noise of your surroundings.


Message History

Ouch! That really hurt!
The orc wizard gestures wildly while chanting.
The orc wizard flickers and vanishes!
Deactivating autopickup; reactivate with Ctrl-A.
The very large slime creature closely misses you.
Hop to where?
Press: ? - help, Dir - move target Boing!
Okay, then.
Okay, then.
Casting: Frozen Ramparts (safe; 1% risk of failure)
Confirm with . or Enter, or press ? or * to list all spells.
Casting: Frozen Ramparts (safe; 1% risk of failure)
Press: ? - help, Dir - look around, f - activate The walls around you are covered in ice.
The wall freezes the very large slime creature!
The wall freezes something.
Really quaff the potion of lignification?
You turn into a tree.
Your +1 cloak melds into your body.
Your +0 troll leather armour melds into your body.
Your roots penetrate the ground.
The wall freezes the very large slime creature!
The very large slime creature hits you!!!
* * * LOW HITPOINT WARNING * * *
The wall freezes something!
Cheibriados thoroughly appreciates the change of pace.
Cheibriados raises the support of your attributes as your movement slows.
Reactivating autopickup.
You feel a bit more experienced.
You hit the very large slime creature.
You freeze the very large slime creature.
The very large slime creature is lightly wounded.
The wall freezes the very large slime creature.
The very large slime creature hits you but does no damage.
You hit the very large slime creature.
You freeze the very large slime creature.
The very large slime creature is moderately wounded.
The wall freezes the very large slime creature.
The very large slime creature hits you!!
You die...

.##........######..##.###.##..##
..........## ##.##.#...###..##
###.....†.### #.##...### #...#
##....>[..# #.....## ##.#..
#......[.## ####...####....#
#...[.....########........#.##
##..<[.##..).##........####.##
##.[.######J............#...#
###########♣.........(.....#
#.....[.##########.#....
####.########### #......
#...<.^........######......
##############.............
########..^... #...... #......
#.>....


You could see a very large slime creature.

Vanquished Creatures
  A boulder beetle (D:12)
  2 two-headed ogres
  Pikel (D:4)
  An orc knight (D:12)
  An ugly thing (D:12)
  Maurice (D:8)
  A cyclops (D:12)
  A kobold demonologist (D:12)
  4 unseen horrors
  Maggie (D:8)
  A komodo dragon (D:11)
  2 trolls
  Grinder (D:6)
  8 slime creatures
  A shadow (D:12)
  2 vampires
  2 wraiths
  Sigmund (D:5)
  19 yaks
  A wyvern (D:8)
  Eustachio (D:4)
  2 vampire mosquitoes (D:12)
  2 steam dragons
  A warg (D:12)
  Duvessa (D:7)
  An acid dragon (D:11)
  6 orc warriors
  2 ogres
  4 centaurs
  2 phantoms
  2 lemures (D:4)
  2 kobold brigands (D:7)
  4 bullfrogs
  4 necrophages
  A gnoll sergeant (D:5)
  8 wights
  Dowan (D:7)
  9 killer bees (D:10)
  15 howler monkeys
  A jelly (D:7)
  5 hounds
  Crazy Yiuf (D:5)
  4 orc priests
  2 gnoll boudas
  2 iguanas
  8 orc wizards
  Ijyb (D:4)
  2 mummies (Ossuary)
  Robin (D:4)
  11 gnolls
  11 adders
  2 shadow imps
  An ufetubus (D:5)
  4 worms
  4 dart slugs
  21 orcs
  3 bats
  2 bat skeletons (D:2)
  8 endoplasms
  2 giant cockroaches
  4 gnoll zombies (Ossuary)
  14 goblins
  9 hobgoblins
  7 jackals
  2 quokkas
  10 ball pythons
  3 ball python skeletons (D:2)
  2 ball python zombies (D:2)
  5 frilled lizards
  5 goblin zombies (Ossuary)
  2 hobgoblin zombies (Ossuary)
  19 kobolds
  3 orc zombies (Ossuary)
  A quokka skeleton (D:2)
  6 rats
308 creatures vanquished.

Vanquished Creatures (collateral kills)
  A howler monkey (D:7)
1 creature vanquished.

Vanquished Creatures (others)
  2 fungi (D:5)
  A plant (D:5)
  4 toadstools (D:1)
7 creatures vanquished.

Grand Total: 316 creatures vanquished

Notes
Turn   | Place    | Note
-------+----------+-------------------------------------------
     0 | D:1      | Ijustatesigmund the Barachi Ice Elementalist began the
                  | quest for the Orb.
     0 | D:1      | Reached XP level 1. HP: 13/13 MP: 3/3
   121 | D:1      | Reached skill level 1 in Fighting
   121 | D:1      | Reached skill level 5 in Ice Magic
   121 | D:1      | Reached XP level 2. HP: 20/21 MP: 3/5
   641 | D:1      | Reached XP level 3. HP: 24/26 MP: 7/7
   864 | D:2      | Found Xuciucijem's Distillery.
   873 | D:2      | Learned a level 3 spell: Frozen Ramparts
   877 | D:2      | Learned a level 3 spell: Ozocubu's Armour
  1309 | D:2      | Noticed a phantom
  1402 | D:2      | Killed a phantom
  1403 | D:2      | Reached XP level 4. HP: 16/35 MP: 2/9
  1403 | D:2      | Reached XP level 5. HP: 19/41 MP: 2/10
  1841 | D:3      | You fall into a shaft and drop 2 floors!
  1841 | D:5      | Entered Level 5 of the Dungeon
  1893 | D:3      | Found Qefridgh's Distillery.
  2093 | D:3      | Bought a potion of degeneration for 13 gold pieces
  2337 | D:3      | Found a sacrificial altar of Ru.
  2398 | D:3      | Found a faded altar of an unknown god.
  3104 | D:4      | Found a staircase to the Ecumenical Temple.
  3114 | Temple   | Entered the Ecumenical Temple
  3381 | D:4      | Reached XP level 6. HP: 48/48 MP: 5/11
  3476 | D:4      | Noticed Robin
  3481 | D:4      | Killed Robin
  3578 | D:4      | Noticed Pikel
  3593 | D:4      | Killed Pikel
  3594 | D:4      | Reached skill level 5 in Fighting
  3594 | D:4      | Reached skill level 5 in Spellcasting
  3594 | D:4      | Reached XP level 7. HP: 40/56 MP: 2/14
  3836 | D:4      | Noticed Ijyb
  3842 | D:4      | Killed Ijyb
  4122 | D:4      | Reached XP level 8. HP: 51/64 MP: 8/16
  4312 | D:4      | Noticed Eustachio
  4323 | D:4      | Killed Eustachio
  4500 | D:5      | Found a shimmering altar of Xom.
  4769 | D:5      | Noticed Sigmund
  4785 | D:5      | Killed Sigmund
  5021 | D:5      | Noticed Grinder
  5023 | D:5      | Found a blossoming altar of Fedhas.
  5081 | D:5      | Found a stormy altar of Qazlal.
  5163 | D:5      | Reached XP level 9. HP: 71/72 MP: 15/19
  5364 | D:5      | Found an ornate altar of the Wu Jian Council.
  5515 | D:5      | Found a runed translucent door.
  5516 | D:5      | Noticed Crazy Yiuf
  5521 | D:5      | Killed Crazy Yiuf
  5656 | D:5      | Found a snail-covered altar of Cheibriados.
  5894 | D:6      | Killed Grinder
  6642 | D:6      | Gained mutation: You are frail. (-10% HP) [potion of
                  | mutation]
  6642 | D:6      | Lost mutation: You are frail. (-10% HP) [potion of
                  | mutation]
  6643 | D:6      | Gained mutation: You occasionally lose the ability to read
                  | scrolls when taking damage. [potion of mutation]
  6643 | D:6      | Gained mutation: You are resistant to electric shocks.
                  | (rElec) [potion of mutation]
  6643 | D:6      | Gained mutation: Your flesh is cold resistant. (rC+)
                  | [potion of mutation]
  6644 | D:6      | Lost mutation: Your flesh is cold resistant. (rC+) [potion
                  | of mutation]
  6644 | D:6      | Lost mutation: You occasionally lose the ability to read
                  | scrolls when taking damage. [potion of mutation]
  6644 | D:6      | Gained mutation: Your mind is acute. (Int +4, Str/Dex -1)
                  | [potion of mutation]
  6644 | D:6      | Gained mutation: You are partially covered in iridescent
                  | scales. (AC +2) [potion of mutation]
  6644 | D:6      | Gained mutation: You occasionally lose the ability to read
                  | scrolls when taking damage. [potion of mutation]
  6645 | D:6      | Lost mutation: You are resistant to electric shocks.
                  | (rElec) [potion of mutation]
  6645 | D:6      | Lost mutation: You are partially covered in iridescent
                  | scales. (AC +2) [potion of mutation]
  6645 | D:6      | Gained mutation: You are agile. (Dex +4, Str/Int -1)
                  | [potion of mutation]
  6645 | D:6      | Gained mutation: You are robust. (+10% HP) [potion of
                  | mutation]
  6646 | D:6      | Lost mutation: You occasionally lose the ability to read
                  | scrolls when taking damage. [potion of mutation]
  6646 | D:6      | Lost mutation: You are robust. (+10% HP) [potion of
                  | mutation]
  6646 | D:6      | Gained mutation: You passively dampen the noise of your
                  | surroundings. [potion of mutation]
  6646 | D:6      | Gained mutation: You have sharp toenails. [potion of
                  | mutation]
  6652 | D:6      | Learned a level 4 spell: Summon Ice Beast
  6678 | D:7      | Found a sand-covered staircase.
  6690 | Ossuary  | Entered an ossuary
  6958 | D:6      | Reached skill level 10 in Ice Magic
  7233 | D:6      | Upgraded the game from 0.30-a0-614-ge5ea1257c2 to
                  | 0.30-a0-620-g0e44632947
  7277 | D:7      | Reached skill level 1 in Long Blades
  7296 | D:7      | Reached skill level 3 in Long Blades
  7330 | D:7      | Reached skill level 4 in Long Blades
  7520 | D:7      | Reached skill level 5 in Long Blades
  7589 | D:7      | Noticed Dowan
  7590 | D:7      | Noticed Duvessa
  7600 | D:7      | Killed Duvessa
  7601 | D:7      | Reached skill level 6 in Long Blades
  7610 | D:7      | Killed Dowan
  7628 | D:7      | Reached XP level 10. HP: 80/80 MP: 21/21
  7773 | D:8      | Noticed Maggie
  7788 | D:8      | Killed Maggie
  7789 | D:8      | Reached skill level 7 in Long Blades
  7952 | D:8      | Noticed Maurice
  7962 | D:8      | Killed Maurice
  7963 | D:8      | Reached skill level 8 in Long Blades
  8101 | D:8      | Found a staircase to the Lair.
  8308 | D:8      | Found a radiant altar of Vehumet.
  8314 | D:8      | Reached skill level 9 in Long Blades
  8504 | D:9      | Reached skill level 10 in Long Blades
  8916 | D:9      | Reached skill level 11 in Long Blades
  8971 | D:9      | Reached skill level 12 in Long Blades
  9071 | D:9      | Found an opulent altar of Gozag.
  9086 | D:9      | Reached skill level 1 in Armour
  9216 | D:9      | Reached XP level 11. HP: 70/87 MP: 18/22
  9923 | D:10     | Entered Level 10 of the Dungeon
 10135 | D:10     | Found a staircase to the Orcish Mines.
 10422 | D:10     | Reached skill level 10 in Fighting
 10603 | D:10     | Noticed a two-headed ogre
 10610 | D:10     | Killed a two-headed ogre
 10611 | D:10     | Reached skill level 5 in Armour
 11280 | D:5      | Became a worshipper of Cheibriados the Contemplative
 11451 | D:11     | Reached skill level 1 in Summonings
 11623 | D:11     | Reached skill level 1 in Invocations
 11860 | D:11     | Found a transporter.
 11862 | D:11     | Found a transporter.
 11876 | D:11     | Found a transporter.
 11977 | D:11     | Found a transporter.
 12476 | D:12     | Noticed a two-headed ogre
 12488 | D:12     | Killed a two-headed ogre
 12489 | D:12     | Reached skill level 5 in Summonings
 12613 | D:12     | Noticed a cyclops
 12635 | D:12     | Killed a cyclops
 12635 | D:12     | Reached * piety under Cheibriados
 12636 | D:12     | Reached XP level 12. HP: 42/99 MP: 18/23
 12688 | D:12     | Learned a level 2 spell: Blink
 12865 | D:12     | Reached skill level 1 in Translocations
 12916 | D:12     | Noticed a boulder beetle
 12952 | D:12     | Killed a boulder beetle
 13322 | D:12     | Reached skill level 5 in Invocations
 13356 | D:12     | Noticed a soul eater
 13452 | D:12     | Reached ** piety under Cheibriados
 13454 | D:12     | Slain by a very large slime creature

Illustrated notes

Levels and vault maps discovered:
D:1:      ldierk_walled_garden_2, layout_basic
D:2:      layout_rooms, serial_shops, nicolae_shop_waterfront, serial_undead,
          serial_undead_f, serial_undead_d, serial_undead_a, serial_undead_b
D:3:      layout_basic, mainiacjoe_overflow_chevrons, serial_shops, shop_statue,
          nicolae_ecumenical_oubliette, minmay_strange_pillars,
          nicolae_elevator_lobby_plus
D:4:      layout_basic, minmay_temple_entry_statues_fountains, uniq_ijyb,
          uniq_robin, uniq_pikel, uniq_eustachio
D:5:      layout_cave_pools, grunt_temple_overflow_forces_of_nature,
          chei_slow_surprise, hangedman_feature_mirror,
          corexii_item_surrounded_by_moat, grunt_ministairs_8, minmay_holes,
          uniq_grinder, uniq_crazy_yiuf_cottage, uniq_sigmund
D:6:      layout_loops_ring, lemuel_flame_loot_1
D:7:      layout_rooms, nicolae_ossuary_entry_monument,
          kennysheep_generic_room_9, uniq_duvessa
D:8:      layout_rooms, fiery_altar_vehumet, lair_entry_dummy, uniq_maggie,
          uniq_maurice
D:9:      layout_long_grid, mainiacjoe_overflow_paths, grunt_ministairs_7,
          serial_bayou_pond_e
D:10:     layout_irregular_city, orc_0_dummy
D:11:     layout_cross, minivault_16, nicolae_transporter_circle
D:12:     layout_rooms, drop_trap
D:13:     layout_rooms, special_room [special_room_orc], nicolae_alphabet_shops
Temple:   nicolae_temple_slightly_damp_pantheon

Skill      XL: |  1  2  3  4  5  6  7  8  9 10 11 12 |
---------------+-------------------------------------+-----
Fighting       | 1 3 5 7 8 10 11 | 11.4
Ice Magic      | 5 6 7 9 10 | 10.0
Spellcasting   | 3 5 6 7 |  7.6
Long Blades    | 6 12 | 12.0
Armour         | 1 5 |  5.8
Summonings     | 5 |  5.3
Invocations    | 4 5 |  5.2
Dodging        | 4 |  4.5
Translocations | 3 |  3.3
Stealth        | |  1.7

Action                   |  1- 3 |  4- 6 |  7- 9 | 10-12 || total
-------------------------+-------+-------+-------+-------++-------
Melee: Short sword       |    73 |       |       |       ||    73
       Unarmed           |     1 |       |       |       ||     1
       Whip              |    11 |    44 |     8 |       ||    63
       Rapier            |       |       |   119 |       ||   119
       Kick              |       |       |    36 |    84 ||   120
       Long sword        |       |       |    35 |       ||    35
       Great sword       |       |       |    11 |   283 ||   294
 Cast: Freeze            |    32 |    19 |    56 |     2 ||   109
       Frozen Ramparts   |     8 |    17 |    41 |    34 ||   100
       Ozocubu's Armour  |       |     1 |       |     3 ||     4
       Summon Ice Beast  |       |       |     1 |     1 ||     2
 Abil: Hop               |       |       |       |     2 ||     2
Evoke: Wand              |       |       |     8 |    10 ||    18
  Use: Potion            |     1 |       |     8 |     5 ||    14
       Scroll            |       |     9 |    12 |     3 ||    24
 Stab: Sleeping          |     2 |     2 |       |     2 ||     6
Armor: Robe              |    32 |     7 |    45 |     6 ||    90
       Steam dragon scal |       |       |       |    43 ||    43
       Troll leather arm |       |       |       |    25 ||    25
       Skin              |       |       |       |     1 ||     1
Dodge: Dodged            |   105 |    50 |   240 |   427 ||   822

Table legend: (Time is in decaauts)
 A = Elapsed time spent in this place.
 B = Non-inter-level travel time spent in this place.
 C = Inter-level travel time spent in this place.
 D = Time resting spent in this place.
 E = Time spent auto-exploring this place.
 F = Levels seen in this place.
 G = Mean time per level.
                   A        B        C        D        E       F      G
               +--------+--------+--------+--------+--------+-----+--------+
         Total |  15228 |  14562 |    666 |   3205 |   8662 |  15 | 1015.2 |
       Dungeon |  14813 |  14169 |    644 |   3198 |   8397 |  13 | 1139.5 |
        Temple |    214 |    192 |     22 |      0 |    172 |   1 |  214.0 |
       Ossuary |    200 |    200 |      0 |      7 |     91 |   1 |  200.0 |
               +--------+--------+--------+--------+--------+-----+--------+

Top non-repeatable levels by time:
     D:9: 1634 daAuts
     D:5: 1500 daAuts
     D:6: 1464 daAuts
    D:12: 1431 daAuts
    D:10: 1431 daAuts
     D:3: 1359 daAuts
     D:4: 1328 daAuts
    D:11: 1104 daAuts
     D:2: 1044 daAuts
     D:1: 964 daAuts
     D:7: 895 daAuts
     D:8: 638 daAuts
  Temple: 214 daAuts
 Ossuary: 200 daAuts
    D:13: 15 daAuts
